 Dungeon Crawl Stone Soup version 0.30-a0-743-gbfdf073431 (webtiles) character file.

Game seed: 12166586731921265340

111 RapScallion the Shooter (level 4, -4/38 HPs)
             Began as a Minotaur Hunter on Feb 7, 2023.
             Killed by nerve-wracking pain
             ... invoked by Grinder
              (7 damage)
             ... on level 3 of the Dungeon.
             The game lasted 00:09:05 (2002 turns).

RapScallion the Shooter (Minotaur Hunter)           Turns: 2002, Time: 00:09:05

Health: -4/38      AC:  4    Str: 15    XL:     4   Next: 62%
Magic:  3/3        EV: 12    Int:  6    God:
Gold:   55         SH:  0    Dex: 16    Spells: 3/3 levels left

rFire   . . .      SeeInvis .    a - +0 shortbow
rCold   . . .      Faith    .    (shield currently unavailable)
rNeg    . . .      Spirit   .    c - +0 leather armour
rPois   .          Reflect  .    (helmet restricted)
rElec   .          Harm     .    n - +0 cloak
rCorr   .          Rampage  .    (no gloves)
Will    .....                    (no boots)
Stlth   +                        (no amulet)
HPRegen 0.26/turn                (no ring)
MPRegen 0.08/turn                (no ring)

@: no status effects
A: horns 2, retaliatory headbutt
a: no special abilities


You were on level 3 of the Dungeon.
You visited 1 branch of the dungeon, and saw 3 of its levels.

You collected 77 gold pieces.
You spent 22 gold pieces at shops.

Inventory:

Hand Weapons
 a - a +0 shortbow (weapon)
Armour
 c - a +0 leather armour (worn)
 m - +0 storm dragon scales
 n - a +0 cloak (worn)
Scrolls
 b - a scroll of immolation
 e - 2 scrolls of teleportation
 f - a scroll of amnesia {unknown}
 g - a scroll of fog {unknown}
Potions
 d - a potion of haste
 h - a potion of heal wounds {unknown}
 i - 2 potions of cancellation {unknown}
 j - a potion of might {unknown}
 k - a potion of curing {unknown}
 l - a potion of lignification {unknown}
 o - a potion of flight {unknown}


   Skills:
 + Level 3.3 Fighting
 + Level 6.1 Ranged Weapons
 + Level 1.4 Armour
 - Level 2.2 Dodging
 - Level 0.8 Stealth


You had 3 spell levels left.
You didn't know any spells.
Your spell library contained the following spells:

 Spells                   Type           Power      Damage    Failure   Level
 Lesser Beckoning         Tloc           0%         N/A       67%         2
 Gell's Gravitas          Tloc           0%         N/A       88%         3
 Teleport Other           Tloc           0%         N/A       88%         3


Dungeon Overview and Level Annotations

Branches:
Dungeon (3/15)

Altars:
Dithmenos
Yredelemnul

Shops:
D:2 ?

Annotations:
D:3 Grinder


Innate Abilities, Weirdness & Mutations

You have a pair of horns on your head.
You reflexively headbutt those who attack you in melee.


Message History

Really target yourself? [Y]es or [N]o only, please.
Really target yourself?
Fire: a) +0 shortbow
Press: ? - help, Shift-Dir - straight line, f - you Really target yourself? [Y]es or [N]o only, please.
Really target yourself?
Unknown command.
Grinder zaps a wand.
The puff of flame hits you!
You shoot an arrow.
The arrow hits Grinder but does no damage.
Grinder is moderately wounded.
You shoot an arrow. The arrow hits Grinder.
Grinder is moderately wounded.
You shoot an arrow. The arrow closely misses Grinder.
You shoot an arrow.
The arrow hits Grinder but does no damage.
Grinder is moderately wounded.
Grinder hits you!
You writhe in agony.
Grinder hits you.
* * * LOW HITPOINT WARNING * * *
Fire: a) +0 shortbow
Press: ? - help, Shift-Dir - straight line, f/p - Grinder
Aim: Grinder, carrying a wand of flame (9) (moderately wounded, 61% to hit)
You shoot an arrow. The arrow closely misses Grinder.
Grinder hits you!
* * * LOW HITPOINT WARNING * * *
Fire: a) +0 shortbow
Press: ? - help, Shift-Dir - straight line, f/p - Grinder
Aim: Grinder, carrying a wand of flame (9) (moderately wounded, 61% to hit)
You shoot an arrow. The arrow closely misses Grinder.
Grinder closely misses you.
Fire: a) +0 shortbow
Press: ? - help, Shift-Dir - straight line, f/p - Grinder
Aim: Grinder, carrying a wand of flame (9) (moderately wounded, 61% to hit)
You shoot an arrow.
The arrow hits Grinder but does no damage.
Grinder is moderately wounded.
Grinder gestures at you. Pain shoots through your body!
You die...

.# #.....# .#.# #.....+ #. #.#.#
#.....# #.. ..#. #.....+ #.# ..
.w #.# #.....# #.#+$.. ...+#.
.###....+#.#.#.. ..#.#
........#.#.#.#+#+#+#.#.
......5@.#.#.#.#.#.#.#.#
..#............#.#.#.#.....#.#.#.
#.#...........#.#.#.#.#...#.#.#.#
#.......S.....'#.#.#.#+...+#.#.#.
...5..........#.#.#.#.#...#.#.#.#
..............'#.#.#.#+...+#.#.#.
....... .....#.#.#.#.#...#.#.#.#
o...# ......#.#.#.#'...'#.#.#.
.<..# ####.#.#.#.#.#...#>#.#.#


You could see Grinder.

Vanquished Creatures
  3 gnolls (D:3)
  An adder (D:2)
  A worm (D:3)
  2 dart slugs (D:1)
  An orc (D:2)
  6 ball pythons
  8 endoplasms
  4 giant cockroaches
  9 goblins
  5 hobgoblins
  3 quokkas (D:1)
  3 bats
  5 frilled lizards
  6 kobolds
  3 rats
  A spectral kobold (D:2)
61 creatures vanquished.

Notes
Turn   | Place    | Note
-------+----------+-------------------------------------------
     0 | D:1      | RapScallion the Minotaur Hunter began the quest for the
                  | Orb.
     0 | D:1      | Reached XP level 1. HP: 18/18 MP: 0/0
   132 | D:1      | Reached XP level 2. HP: 25/25 MP: 1/1
   163 | D:1      | Reached skill level 5 in Ranged Weapons
   296 | D:1      | Reached XP level 3. HP: 30/30 MP: 2/2
  1137 | D:2      | Found Rubigog's Magic Scroll Shoppe.
  1145 | D:2      | Bought a scroll of identify for 22 gold pieces
  1217 | D:2      | Found a faded altar of an unknown god.
  1306 | D:2      | Found a basalt altar of Yredelemnul.
  1475 | D:2      | Reached XP level 4. HP: 37/37 MP: 3/3
  1689 | D:3      | Noticed Grinder
  1689 | D:3      | Found a shadowy altar of Dithmenos.
  1779 | D:3      | Reached skill level 1 in Armour
  1784 | D:3      | Reached skill level 6 in Ranged Weapons
  2002 | D:3      | Killed from afar by Grinder

Illustrated notes

Levels and vault maps discovered:
D:1:      nicolae_arrival_memento_mori, layout_basic, dreamdust_princess_bridge,
          minmay_tripent
D:2:      layout_loops_corners, dreamdust_ecumenical_altar_drowned_temple,
          basic_altar, serial_shops, nicolae_diamond_shop
D:3:      layout_basic, nicolae_dithmenos_through_a_glass_darkly,
          minmay_joined_circles, uniq_crazy_yiuf_cottage, uniq_grinder

Skill      XL: |  1  2  3  4 |
---------------+-------------+-----
Ranged Weapons | 5 6 |  6.1
Fighting       | 3 |  3.3
Armour         | 1 |  1.4
Dodging        | |  2.2
Stealth        | |  0.8

Action                     |  1- 3 |  4- 6 || total
---------------------------+-------+-------++-------
   Fire: Shortbow          |   104 |    56 ||   160
    Use: Scroll            |     2 |       ||     2
 Armour: Leather armour    |     8 |     8 ||    16
  Dodge: Dodged            |    33 |    17 ||    50

Table legend: (Time is in decaauts)
 A = Elapsed time spent in this place.
 B = Non-inter-level travel time spent in this place.
 C = Inter-level travel time spent in this place.
 D = Time resting spent in this place.
 E = Time spent auto-exploring this place.
 F = Levels seen in this place.
 G = Mean time per level.
                   A        B        C        D        E       F      G
               +--------+--------+--------+--------+--------+-----+--------+
         Total |   2052 |   1988 |     64 |     71 |   1263 |   3 |  684.0 |
       Dungeon |   2052 |   1988 |     64 |     71 |   1263 |   3 |  684.0 |
               +--------+--------+--------+--------+--------+-----+--------+

Top non-repeatable levels by time:
     D:2: 996 daAuts
     D:1: 773 daAuts
     D:3: 281 daAuts
